AoeStats
← Innocent Civil

Arabia

509655256Analyzed
3v3 RM · 4d ago on Sep 27, 2026· 106m 33s· 6 players
Game mode
Random Map
Map size
Normal (6 player)
Population
200
Speed
Normal
Resources
Standard
Victory
Conquest
Starting age
Dark Age
Ending age
Imperial Age
RankedLock teamsTeams togetherTeam positionsShared explorationLock speedFull tech treeHidden civsTurbo modeCheats
Victory
Defeat
🇦🇷 Khmer · Argentina
871
+13
🇦🇷 Vietnamese · Argentina
861
+13
🇦🇷 Varangians · Argentina
827
+15
🇨🇭 Maya · Switzerland
882
-16
🇨🇭 Khmer · Switzerland
881
-17
🇨🇭 Persians · Switzerland
640
-8
StuartLittle
9:35 Feudal Age
8:01 Loom
10:15 Double-Bit Axe
18:03 Horse Collar
22:31 Castle Age
21:34 Bloodlines
24:46 Forging
24:55 Fletching
27:09 Town Watch
28:44 Wheelbarrow
31:23 Bow Saw
31:14 Heavy Plow
33:07 Iron Casting
32:37 Husbandry
34:11 Scale Barding Armor
35:43 Chain Barding Armor
36:49 Pikeman
38:15 Hand Cart
39:23 Town Patrol
42:37 Gold Mining
46:24 Gold Shaft Mining
48:33 Imperial Age
49:53 Halberdier
50:38 Scale Mail Armor
51:38 Blast Furnace
50:27 Elite Battle Elephant
52:16 Chain Mail Armor
54:31 Conscription
54:01 Elite Ballista Elephant
54:44 Tusk Swords
56:37 Plate Barding Armor
55:31 Light Cavalry
57:03 Crop Rotation
56:20 Hussar
56:57 Stone Mining
65:55 Double Crossbow
66:26 Bodkin Arrow
66:22 Heavy Scorpion
81:42 Fortified Wall
Sr. Claudio
9:28 Feudal Age
11:04 Double-Bit Axe
17:36 Fletching
19:57 Padded Archer Armor
24:37 Castle Age
24:26 Horse Collar
25:55 Bow Saw
25:41 Bodkin Arrow
26:47 Crossbowman
26:55 Elite Skirmisher
29:41 Leather Archer Armor
34:09 Town Watch
35:02 Wheelbarrow
34:58 Thumb Ring
42:29 Imperial Age
40:16 Hand Cart
42:03 Forging
41:53 Scale Mail Armor
42:48 Elite Fire Lancer
43:47 Bloodlines
44:51 Iron Casting
47:43 Chain Mail Armor
49:38 Chemistry
54:13 Imperial Skirmisher
58:29 Light Cavalry
59:25 Bracer
59:55 Ring Archer Armor
59:56 Plate Mail Armor
61:29 Two-Man Saw
64:37 Arson
64:53 Squires
66:25 Paper Money
joaquinlopezlopez90
11:30 Feudal Age
10:32 Loom
14:23 Double-Bit Axe
15:26 Horse Collar
19:24 Castle Age
19:53 Bloodlines
26:19 Bow Saw
38:24 Wheelbarrow
43:40 Imperial Age
43:02 Scale Mail Armor
43:13 Forging
43:30 Squires
45:59 Iron Casting
45:40 Chain Mail Armor
47:07 Two-Man Saw
45:49 Elite Varangian Guard
47:35 Hand Cart
47:07 Town Watch
47:42 Gothikon
50:39 Conscription
55:25 Arson
56:17 Arson
62:45 Plate Mail Armor
63:16 Blast Furnace
68:10 Cavalier
70:26 Scale Barding Armor
72:00 Chain Barding Armor
72:48 Town Patrol
74:26 Onager
76:00 Onager
79:16 Onager
81:43 Plate Barding Armor
Innocent Civil
0:26 Loom
10:42 Feudal Age
18:01 Wheelbarrow
17:43 Gold Mining
19:29 Double-Bit Axe
25:47 Castle Age
25:36 Fletching
26:03 Elite Skirmisher
28:28 Crossbowman
41:12 Bodkin Arrow
41:18 Padded Archer Armor
41:29 Forging
46:50 Hand Cart
48:27 Thumb Ring
50:24 Leather Archer Armor
61:16 Imperial Age
62:22 Ballistics
63:03 Chemistry
61:54 Heated Shot
63:08 Chemistry
61:32 Eagle Warrior
66:06 Elite Eagle Warrior
66:48 Squires
74:47 Bow Saw
74:55 Arson
74:50 Arbalester
81:50 Two-Man Saw
93:08 Hul'che Javelineers
94:17 Capped Ram
Tortugabx
11:35 Feudal Age
9:51 Loom
22:52 Castle Age
24:00 Husbandry
46:24 Scale Barding Armor
46:30 Forging
51:14 Chain Barding Armor
51:29 Iron Casting
65:15 Imperial Age
70:20 Cavalier
fyfy
6:56 Loom
9:14 Feudal Age
9:58 Double-Bit Axe
14:16 Fletching
14:39 Forging
17:19 Bloodlines
17:15 Fletching
18:30 Horse Collar
23:26 Castle Age
23:37 Scale Barding Armor
24:19 Husbandry
25:00 Bow Saw
26:06 Iron Casting
26:06 Gold Mining
25:47 Pikeman
28:07 Heavy Plow
31:59 Chain Barding Armor
32:48 Wheelbarrow
34:12 Gold Shaft Mining
37:48 Imperial Age
35:36 Hand Cart
37:22 Town Watch
37:58 Bodkin Arrow
39:02 Elite Battle Elephant
40:49 Plate Barding Armor
43:14 Town Patrol
43:34 Tusk Swords
43:53 Light Cavalry
45:13 Crop Rotation
45:47 Blast Furnace
44:48 Bracer
45:05 Hussar
50:03 Caravan
50:04 Stone Mining
49:38 Elite Skirmisher
51:42 Heavy Scorpion
52:46 Conscription
56:51 Double Crossbow
59:09 Chemistry
58:30 Ballistics
58:16 Siege Engineers
58:22 Masonry
58:08 Murder Holes
58:24 Fortified Wall
80:33 Architecture
Connection lost

Rejoining the realm…

Still unreachable

The connection could not be restored.

Session expired

The server has moved on; the page needs a fresh start.